 Dungeon Crawl Stone Soup version 0.29.1-12-g30fa7ad0bf (webtiles) character file.

Game seed: 8086302273390226744

1159 cheesebisquit the Cleaver (level 8, -1/66 HPs)
             Began as a Minotaur Berserker on Dec 26, 2022.
             Was a Believer of Trog.
             Slain by a killer bee (2 damage)
             ... on level 5 of the Dungeon.
             The game lasted 00:17:40 (3749 turns).

cheesebisquit the Cleaver (Minotaur Berserker)      Turns: 3749, Time: 00:17:40

Health: -1/66      AC: 13    Str: 23    XL:     8   Next: 16%
Magic:  7/7        EV:  6    Int:  4    God:    Trog [**....]
Gold:   229        SH:  4    Dex: 11    Spells: 7/7 levels left

rFire   . . .      SeeInvis .   a - +0 hand axe
rCold   . . .      Faith    .   j - +1 buckler
rNeg    . . .      Spirit   .   d - +1 plate armour
rPois   .          Reflect  .   c - +1 hat
rElec   .          Harm     .   (no cloak)
rCorr   .          Rampage  .   (no gloves)
Will    .....                   (no boots)
Stlth   ..........              (no amulet)
HPRegen 0.21/turn               (no ring)
MPRegen 0.10/turn               (no ring)

@: lethally poisoned (-1 -> -13)
A: horns 2, retaliatory headbutt
a: Renounce Religion, Berserk, Trog's Hand


You were on level 5 of the Dungeon.
You worshipped Trog.
Trog was pleased with you.
You visited 1 branch of the dungeon, and saw 5 of its levels.

You collected 229 gold pieces.

Inventory:

Hand Weapons
 a - a +0 hand axe (weapon)
 f - a +1 battleaxe of draining
 l - a +3 flail
Missiles
 b - 3 atropa-tipped darts
 g - a throwing net (quivered)
 m - 4 poisoned darts
Armour
 c - a +1 hat (worn)
 d - a +1 plate armour (worn)
 j - a +1 buckler (worn)
Jewellery
 y - the ring of Faubod {rC+ rN+}
   (You found it on level 5 of the Dungeon)

   [ring of positive energy]

   rC:        It protects you from cold.
   rN:        It protects you from negative energy.
Wands
 s - a wand of flame (12)
Scrolls
 n - a scroll of fear {unknown}
 o - a scroll of summoning {unknown}
 u - a scroll of identify {unknown}
 w - a scroll of teleportation
 x - a scroll of acquirement {unknown}
Potions
 e - a potion of berserk rage {unknown}
 h - a potion of might {unknown}
 i - a potion of degeneration {unknown}
 k - 3 potions of curing {unknown}
 p - a potion of brilliance {unknown}
 q - a potion of mutation {unknown}
 r - 5 potions of heal wounds {unknown}
 t - a potion of attraction {unknown}
 v - 2 potions of flight {unknown}


   Skills:
 - Level 3.8 Fighting
 + Level 11.9 Axes
 - Level 2.7 Armour
 - Level 2.4 Dodging


You had 7 spell levels left.
You didn't know any spells.
Your spell library was empty.

Dungeon Overview and Level Annotations

Branches:
Dungeon (5/15)
 Temple: D:4-7

Altars:
Ashenzari
Sif Muna
Uskayaw


Innate Abilities, Weirdness & Mutations

You have a pair of horns on your head.
You reflexively headbutt those who attack you in melee.


Message History

You hit the killer bee. x3
The killer bee stings you but does no damage. x2
The killer bee stings you.
You are poisoned.
The killer bee poisons you! The killer bee stings you.
You block the killer bee's attack.
The killer bee stings you but does no damage.
The killer bee stings you. The killer bee barely misses you.
You closely miss the killer bee. You slash the killer bee!
You closely miss the killer bee. You miss the killer bee.
You feel sick. The killer bee stings you! The killer bee stings you. x2
The killer bee stings you but does no damage.
The killer bee barely misses you. The killer bee stings you.
You are more poisoned.
The killer bee poisons you! The killer bee stings you.
* * * LOW HITPOINT WARNING * * *
You are lethally poisoned!
The killer bee poisons you! The killer bee barely misses you.
You slash the killer bee! You headbutt the killer bee.
You kill the killer bee!
Trog accepts your kill.
You hit the killer bee but do no damage. x3
* * * LOW HITPOINT WARNING * * *
You feel very sick.
The killer bee stings you but does no damage.
The killer bee barely misses you. The killer bee stings you.
* * * LOW HITPOINT WARNING * * *
* * * LOW HITPOINT WARNING * * *
You feel very sick. The killer bee stings you.
* * * LOW HITPOINT WARNING * * *
The killer bee barely misses you.
The killer bee stings you but does no damage. x3
You see here a killer bee corpse.
The killer bee attacks as you move away!
The killer bee barely misses you.
* * * LOW HITPOINT WARNING * * *
You feel very sick. The killer bee stings you.
You die...

#.......#
#.......#
#.......#
#.......# #
#.......###.#
#.......#...#
#..$........#
#......@#
#.....y†#
#.....yy#
#.......#
#######.# #.#
#########.#
#.........#
#.#######.#


You could see 3 killer bees.

Vanquished Creatures
  Grinder (D:5)
  Sigmund (D:2)
  Eustachio (D:4)
  Edmund (D:4)
  An ice beast (D:3)
  2 killer bees (D:5)
  A jelly (D:5)
  4 hounds (D:4)
  An orc priest (D:4)
  2 orc wizards
  5 adders
  An ufetubus (D:4)
  A worm (D:2)
  2 dart slugs
  9 orcs
  12 endoplasms
  2 giant cockroaches
  2 goblins
  7 hobgoblins
  9 jackals
  3 quokkas
  7 ball pythons
  5 bats
  2 frilled lizards (D:2)
  7 kobolds
  6 rats
95 creatures vanquished.

Notes
Turn   | Place    | Note
-------+----------+-------------------------------------------
     0 | D:1      | cheesebisquit the Minotaur Berserker began the quest for
                  | the Orb.
     0 | D:1      | Reached XP level 1. HP: 19/19 MP: 0/0
     4 | D:1      | Noticed an elephant
   286 | D:1      | Reached XP level 2. HP: 27/27 MP: 1/1
   351 | D:1      | Reached skill level 4 in Axes
  1051 | D:2      | Reached ** piety under Trog
  1126 | D:2      | Reached XP level 3. HP: 30/33 MP: 2/2
  1278 | D:2      | Reached skill level 5 in Axes
  1316 | D:2      | Noticed Sigmund
  1326 | D:2      | Killed Sigmund
  1327 | D:2      | Reached skill level 7 in Axes
  1327 | D:2      | Reached XP level 4. HP: 40/40 MP: 3/3
  1327 | D:2      | Reached XP level 5. HP: 46/46 MP: 4/4
  1732 | D:3      | Found a faded altar of an unknown god.
  1825 | D:3      | Noticed an ice beast
  1843 | D:3      | Killed an ice beast
  1844 | D:3      | Reached skill level 8 in Axes
  1844 | D:3      | Reached XP level 6. HP: 25/52 MP: 5/5
  2285 | D:3      | Found a hide-covered altar of Uskayaw.
  2288 | D:3      | Found a broken altar of Ashenzari.
  2727 | D:4      | Noticed Edmund
  2734 | D:4      | Reached skill level 9 in Axes
  2742 | D:4      | Reached XP level 7. HP: 58/58 MP: 6/6
  2754 | D:4      | Killed Edmund
  2759 | D:4      | Reached skill level 10 in Axes
  3066 | D:4      | Noticed Eustachio
  3092 | D:4      | Killed Eustachio
  3428 | D:5      | Entered Level 5 of the Dungeon
  3437 | D:5      | Found a shimmering blue altar of Sif Muna.
  3484 | D:5      | Noticed Grinder
  3492 | D:5      | Killed Grinder
  3493 | D:5      | Reached skill level 11 in Axes
  3493 | D:5      | Reached XP level 8. HP: 66/66 MP: 7/7
  3610 | D:5      | Identified the ring of Faubod {rC+ rN+}
  3749 | D:5      | HP: 1/66 [poisoned by a killer bee]
  3749 | D:5      | Slain by a killer bee

Illustrated notes

Levels and vault maps discovered:
D:1:      sevenhm_arrival_forest_fort_small_2, layout_loops_ring,
          minmay_crystal_water
D:2:      layout_loops_ring, patterned_corridor, uniq_sigmund
D:3:      layout_basic, nicolae_overflow_squiral,
          shapermc_ecumenical_altar_mp_highgroup
D:4:      layout_loops_ring, uniq_edmund, uniq_eustachio
D:5:      layout_basic, trog_butcher_becter, mainiacjoe_overflow_paths,
          uniq_grinder

Skill      XL: |  1  2  3  4  5  6  7 |
---------------+----------------------+-----
Axes           | 4 7 8 9 11 | 11.9
Fighting       | |  3.8
Armour         | |  2.7
Dodging        | |  2.4

Action                   |  1- 3 |  4- 6 |  7- 9 || total
-------------------------+-------+-------+-------++-------
Melee: Hand axe          |    28 |   103 |    98 ||   229
       Headbutt          |     6 |    13 |    13 ||    32
       Battleaxe         |    32 |       |       ||    32
Invok: Berserk           |     1 |     2 |     2 ||     5
       Trog's Hand       |     1 |     2 |     2 ||     5
  Use: Scroll            |       |       |     3 ||     3
Armor: Plate armour      |    36 |    53 |    58 ||   147
Dodge: Dodged            |    20 |    30 |    20 ||    70
Block: Buckler           |       |     8 |    15 ||    23
